 Dungeon Sprint DCSS version 0.19-a0-1834-g6b7851e (webtiles) character file.

2140 poirepourri the Fetichist (level 9, -14/43 HPs)
             Began as a Spriggan Artificer on Oct 8, 2016.
             Was a Follower of Nemelex Xobeh.
             Killed from afar by a hell hog (34 damage)
             ... with a fireball
             ... in the Dungeon (Sprint I: "Red Sonja").
             The game lasted 00:03:48 (1374 turns).

poirepourri the Fetichist (Spriggan Artificer)      Turns: 1374, Time: 00:03:49

Health: -14/43     AC:  4    Str:  8    XL:     9   Next: 9%
Magic:  24/24      EV: 29    Int: 12    God:    Nemelex Xobeh [*.....]
Gold:   359        SH:  0    Dex: 20    Spells: 0 memorised, 8 levels left

rFire  . . .     SeeInvis +     a - +0 dagger (venom)
rCold  . . .     Gourm    .     m - +0 robe
rNeg   . . .     Faith    .     (shield restricted)
rPois  .         Spirit   .     r - +2 hat
rElec  .         Dismiss  .     (no cloak)
rCorr  .         Reflect  .     (gloves unavailable)
MR     +....     Harm     .     (boots unavailable)
Stlth  ++++...... NoTele   +    (no amulet)
                                (no ring)
                                (no ring)

@: very quick
A: unfitting armour, see invisible, herbivore 3, speed 3, slow metabolism 2
a: Renounce Religion


You were in the Dungeon.
You worshipped Nemelex Xobeh.
Nemelex Xobeh was aware of your devotion.
You were very full.

You visited 1 branch You collected 661 gold pieces.
You spent 302 gold pieces at shops.

Inventory:

Hand Weapons
 a - a +0 dagger of venom (weapon)
 b - a +0 blowgun
 p - a +1 short sword
Missiles
 q - 4 curare-tipped needles
Armour
 m - a +0 robe (worn)
 r - a +2 hat (worn)
Wands
 c - a wand of flame (0/48)
 d - a wand of enslavement (14/24)
 e - a wand of random effects (0/48)
Scrolls
 l - a scroll of blinking
 n - 4 scrolls of remove curse
Potions
 g - a potion of curing
 i - a potion of haste
 j - 2 potions of magic
 k - a potion of berserk rage
 o - a potion of cancellation {unknown}
 s - a potion of agility {unknown}
Miscellaneous
 u - a plain deck of destruction {drawn: 6}
Comestibles
 f - a bread ration


   Skills:
 + Level 2.8 Fighting
 + Level 6.5 Short Blades
 + Level 11.6 Dodging
 + Level 6.4 Stealth
 + Level 2.3 Invocations
 + Level 20.2 Evocations


You had 8 spell levels left.
You didn't know any spells.

Dungeon Overview and Level Annotations

Branches:
Dungeon (1/1)

Altars:
Cheibriados
Dithmenos
Elyvilon
Fedhas
Gozag
Hepliaklqana
Kikubaaqudgha
Makhleb
Nemelex Xobeh
Okawaru
Qazlal
Ru
Sif Muna
Trog
Uskayaw
Vehumet
Xom
Yredelemnul
Zin
The Shining One
Jiyva
Lugonu

Shops:
D [*[


Innate Abilities, Weirdness & Mutations

You are very small and have problems with some larger weapons.
You are too small for most types of armour.
You have supernaturally acute eyesight. (SInv)
You are a herbivore.
You cover ground extremely quickly.
You need consume almost no food.


Message History

Aim: a slime creature (lightly wounded)
The orb of energy hits the slime creature.
The slime creature is moderately wounded.
Evoke which item? (* to show all) (? for menu, Esc to quit)
You draw a card...
It is Degeneration.
The slime creature evaporates and reforms as a hell hog!
The hell hog twists and deforms.
Nothing appears to happen.
The hell hog completely misses you.
You hit the hell hog but do no damage.
The hell hog is poisoned.
The hell hog barely misses you.
There is an open door here.
The hell hog breathes fire at you.
The fireball explodes!
The fireball engulfs you!
Ouch! That really hurt!
You see here a leather armour.
The hell hog breathes fire at you.
The fireball explodes!
The fireball engulfs you!
Ouch! That really hurt!
You die...
Your body disappears without a glow.

###################
#<.#..'..#..'..#__#
#..)).#..†).#..'..+
#..#####'#####'#__####
#..####..#...#h####.§####
#..#__####..##.#≈≈§§§#..#
#..#_____##'#..§≈§§.§'..#
#⌠⌠#_.∩...'...@#≈§≈§)#..#
####_..__##_.#§##'#####'#
#_____###(#)#(...###.+
############)####'###.###
#∩.......('..('÷....'.∩#
###++''####...##########
##.## #+#


You could see a hell hog.

Vanquished Creatures
  Sonja (D)
  A hornet (D)
  An oklob plant (D)
  A two-headed ogre (D)
  2 floating eyes (D)
  An ogre (D)
  A howler monkey (D)
  A jelly (D)
  Ijyb (D)
10 creatures vanquished.

Vanquished Creatures (others)
  A centaur warrior (D)
1 creature vanquished.

Grand Total: 11 creatures vanquished

Notes
Turn   | Place    | Note
-------+----------+-------------------------------------------
     0 | D        | poirepourri the Spriggan Artificer began the quest for the Orb.
     0 | D        | Reached XP level 1. HP: 9/9 MP: 4/4
     2 | D        | Noticed Ijyb
     6 | D        | Killed Ijyb
     6 | D        | Reached skill level 8 in Evocations
     6 | D        | Reached XP level 2. HP: 14/14 MP: 5/8
   102 | D        | Noticed an ogre
   109 | D        | Killed an ogre
   109 | D        | Reached skill level 1 in Fighting
   109 | D        | Reached skill level 10 in Evocations
   109 | D        | Reached XP level 3. HP: 18/18 MP: 8/10
   109 | D        | Reached XP level 4. HP: 22/22 MP: 9/12
   140 | D        | Noticed Sigmund
   144 | D        | Noticed Sigmund
   144 | D        | Sigmund changed into Sigmund the howler monkey
   148 | D        | Killed Sigmund the howler monkey
   148 | D        | Reached skill level 11 in Evocations
   148 | D        | Reached XP level 5. HP: 17/25 MP: 14/14
   253 | D        | Found a deep blue altar of Sif Muna.
   255 | D        | Found a radiant altar of Vehumet.
   259 | D        | Reached skill level 12 in Evocations
   288 | D        | Found Dumneitt's Assorted Antiques.
   288 | D        | Found an ancient bone altar of Kikubaaqudgha.
   288 | D        | Found a hazy altar of Hepliaklqana.
   288 | D        | Found a stormy altar of Qazlal.
   288 | D        | Found a hide-covered altar of Uskayaw.
   288 | D        | Found a blossoming altar of Fedhas.
   288 | D        | Found a bloodstained altar of Trog.
   288 | D        | Found an iron altar of Okawaru.
   288 | D        | Found a basalt altar of Yredelemnul.
   288 | D        | Found a glowing golden altar of the Shining One.
   288 | D        | Found a snail-covered altar of Cheibriados.
   288 | D        | Found a sacrificial altar of Ru.
   288 | D        | Found a glowing silver altar of Zin.
   288 | D        | Found a shadowy altar of Dithmenos.
   288 | D        | Found a white marble altar of Elyvilon.
   288 | D        | Noticed a yak
   289 | D        | Noticed a two-headed ogre
   289 | D        | a yak changed into a two-headed ogre
   291 | D        | Found an opulent altar of Gozag.
   292 | D        | Found a sparkling altar of Nemelex Xobeh.
   306 | D        | Killed a two-headed ogre
   306 | D        | Reached skill level 14 in Evocations
   306 | D        | Reached XP level 6. HP: 10/30 MP: 15/17
   503 | D        | Became a worshipper of Nemelex Xobeh the Trickster
   508 | D        | Bought 3 scrolls labeled GECEELAHEO for 87 gold pieces
   508 | D        | Bought a scroll labeled GECEELAHEO for 29 gold pieces
   508 | D        | Bought a fizzy grey potion for 26 gold pieces
   517 | D        | Received a gift from Nemelex Xobeh
   517 | D        | Noticed Sonja
   518 | D        | Killed Sonja
   518 | D        | Reached skill level 5 in Short Blades
   518 | D        | Reached skill level 10 in Dodging
   518 | D        | Reached skill level 5 in Stealth
   518 | D        | Reached skill level 17 in Evocations
   518 | D        | Reached XP level 7. HP: 35/35 MP: 18/20
   539 | D        | Found Kaulais's Armour Boutique.
   547 | D        | Bought a +2 hat for 160 gold pieces
   645 | D        | Noticed a deep troll
   646 | D        | a deep troll changed into a floating eye
   649 | D        | Paralysed by a floating eye for 4 turns
   655 | D        | Reached XP level 8. HP: 39/39 MP: 21/21
   667 | D        | Found Luemif's Armour Emporium.
   700 | D        | Received a gift from Nemelex Xobeh
   726 | D        | Noticed a centaur warrior
   726 | D        | a centaur warrior changed into a floating eye
   728 | D        | Noticed a centaur warrior
   728 | D        | Reached * piety under Nemelex Xobeh
   738 | D        | Paralysed by a floating eye for 3 turns
   746 | D        | Reached skill level 18 in Evocations
   794 | D        | Noticed a hornet
   816 | D        | Reached skill level 1 in Invocations
   823 | D        | Killed a hornet
   823 | D        | Reached skill level 19 in Evocations
  1149 | D        | Noticed an oklob plant
  1153 | D        | Killed an oklob plant
  1153 | D        | Reached skill level 20 in Evocations
  1153 | D        | Reached XP level 9. HP: 15/43 MP: 22/24
  1365 | D        | Found a burning altar of Makhleb.
  1365 | D        | Found a viscous altar of Jiyva.
  1365 | D        | Found a shimmering altar of Xom.
  1365 | D        | Found a corrupted altar of Lugonu.
  1368 | D        | Noticed a hell hog
  1368 | D        | a slime creature changed into a hell hog
  1374 | D        | Killed from afar by a hell hog

Vault maps used:
D:        dungeon_sprint_1

Skill      XL: |  1  2  3  4  5  6  7  8 |
---------------+-------------------------+-----
Dodging        | 4 6 7 8 10 11 | 11.6
Evocations     | 8 10 11 14 17 20 | 20.2
Fighting       | 1 2 |  2.8
Stealth        | 2 3 5 6 |  6.4
Short Blades   | 2 3 5 6 |  6.5
Invocations    | 2 |  2.3

Action                   |  1- 3 |  4- 6 |  7- 9 || total
-------------------------+-------+-------+-------++-------
Melee: Short sword       |       |    13 |       ||    13
       Dagger            |       |       |     9 ||     9
Evoke: Wand              |     7 |    13 |    11 ||    31
       Deck              |       |       |    10 ||    10
  Use: Scroll            |       |     2 |       ||     2
       Potion            |       |       |     1 ||     1
 Stab: Confused          |       |     1 |       ||     1
       Sleeping          |       |       |     1 ||     1
  Eat: Bread ration      |       |       |     1 ||     1
Armor: Robe              |     1 |       |     1 ||     2
Dodge: Dodged            |       |     3 |    11 ||    14
